 Dungeon Crawl Stone Soup version 0.28.0-53-g5a82cb258f (webtiles) character file.

Game seed: 16416547186272489546

2 jiml777 the Digger (level 1, 0/10 HPs)
             Began as a Gargoyle Earth Elementalist on June 10, 2022.
             Slain by a jackal (2 damage)
             ... on level 1 of the Dungeon.
             The game lasted 00:00:42 (61 turns).

jiml777 the Digger (Gargoyle Earth Elementalist)      Turns: 61, Time: 00:00:43

Health: 0/10       AC:  4    Str: 11    XL:     1   Next: 40%
Magic:  1/3        EV: 11    Int: 15    God:
Gold:   0          SH:  0    Dex: 10    Spells: 3/4 levels left

rFire   . . .      SeeInvis .   a - +0 club
rCold   . . .      Faith    .   (no shield)
rNeg    + . .      Spirit   .   b - +0 robe
rPois   ∞          Reflect  .   (no helmet)
rElec   +          Harm     .   (no cloak)
rCorr   .          Rampage  .   (no gloves)
Will    .....                   (no boots)
Stlth   ++........              (no amulet)
HPRegen 0.03/turn               (no ring)
MPRegen 0.08/turn               (no ring)

@: no status effects
A: sickness immunity, AC +2, negative energy resistance 1, electricity
resistance, torment resistance 1, petrification resistance
a: no special abilities


You were on level 1 of the Dungeon.
You visited 1 branch of the dungeon, and saw 1 of its levels.

Inventory:

Hand Weapons
 a - a +0 club (weapon)
Missiles
 c - 26 stones
Armour
 b - a +0 robe (worn)


   Skills:
 + Level 1.5 Dodging
 + Level 2.1 Stealth
 + Level 2.0 Spellcasting
 + Level 0.7 Transmutations
 + Level 3.9 Earth Magic


You had 3 spell levels left.
You knew the following spells:

 Your Spells              Type           Power      Damage    Failure   Level
a - Sandblast             Erth           26%        2d8       4%          1

Your spell library contained the following spells:

 Spells                   Type           Power      Damage    Failure   Level
 Passwall                 Tmut/Erth      6%         N/A       13%         2
 Stone Arrow              Conj/Erth      14%        3d7       30%         3
 Petrify                  Tmut/Erth      8%         N/A       65%         4


Dungeon Overview and Level Annotations

Branches:
Dungeon (1/15)

Altars:


Innate Abilities, Weirdness & Mutations

You are immune to sickness and miasma.
Your stone body is resilient. (AC +2)
You are immune to poison.
You resist negative energy. (rN+)
You are resistant to electric shocks. (rElec)
You are resistant to unholy torment.
You are immune to petrification.


Message History

A rat comes into view.
The jackal bites you but does no damage.
Found a stone staircase leading down.
The jackal bites you but does no damage.
Casting: Sandblast (safe; 4% risk of failure)
Confirm with . or Enter, or press ? or * to list all spells.
Aiming: Sandblast (safe; 4% risk of failure)
Press: ? - help, Shift-Dir - straight line, f - jackal
Aim: a jackal (74% to hit)
The blast of sand hits the jackal.
You kill the jackal!
The jackal bites you but does no damage.
Casting: Sandblast (safe; 4% risk of failure)
Confirm with . or Enter, or press ? or * to list all spells.
Aiming: Sandblast (safe; 4% risk of failure)
Press: ? - help, Shift-Dir - straight line, f - jackal
Aim: a jackal (74% to hit)
The blast of sand hits the jackal but does no damage.
The jackal bites you but does no damage.
Casting: Sandblast (safe; 4% risk of failure)
Confirm with . or Enter, or press ? or * to list all spells.
You don't have enough magic to cast this spell.
Unknown command.
You barely miss the jackal.
The jackal bites you but does no damage. x2
You hit the jackal but do no damage. The jackal barely misses you.
The jackal closely misses you.
You hit the jackal but do no damage. The jackal bites you.
You hit the jackal but do no damage. The jackal barely misses you.
The jackal closely misses you.
You hit the jackal but do no damage. The jackal bites you.
* * * LOW HITPOINT WARNING * * *
The jackal bites you but does no damage.
You barely miss the jackal.
The jackal bites you but does no damage.
The jackal barely misses you.
You hit the jackal.
The jackal is moderately wounded.
The jackal bites you.
You die...

..###.#.#+#'#.##
....#.#.#.#..#
#.#.#.#r#.#.# ##
##..#.#.#.#..# #.
..#.≈≈≈≈≈.#.# #.
#.#≈...≈#..# #.
##.≈..<≈.#.#
#.####.#h...≈#..#
#.@hhK#.≈≈≈≈≈.#.#
#.###..#.#.#.#..#
>.. #.#.#.#K#K###
#### #.K#.#.#.#.#
###.#.#.#.##
#########


You could see 2 jackals and a kobold.

Vanquished Creatures
  A jackal (D:1)
  A kobold (D:1)
2 creatures vanquished.

Notes
Turn   | Place    | Note
-------+----------+-------------------------------------------
     0 | D:1      | jiml777 the Gargoyle Earth Elementalist began the quest for
                  | the Orb.
     0 | D:1      | Reached XP level 1. HP: 10/10 MP: 3/3
    61 | D:1      | Slain by a jackal

Illustrated notes

Levels and vault maps discovered:
D:1:      ncdulo_watergridlock, layout_basic, minmay_misc_feat_encased,
          nrook_mini_backslash, grunt_decor_one_mirror

Action                   || total
-------------------------++-------
Melee: Club              ||     7
 Cast: Sandblast         ||     4
Armor: Robe              ||     8
Dodge: Dodged            ||     9
